 Dungeon Crawl Stone Soup version 0.16.1-5-gaa23807 (webtiles) character file.

59 Chiseanne the Ducker (level 3, -3/28 HPs)
             Began as a Demigod Transmuter on Mar 28, 2015.
             Killed from afar by Ijyb (9 damage)
             ... with a wand of frost
             ... on level 2 of the Dungeon.
             The game lasted 00:05:16 (2156 turns).

Chiseanne the Ducker (Demigod Transmuter)           Turns: 2156, Time: 00:05:16

Health: -3/28      AC:  4    Str: 15    XL:     3   Next: 54%
Magic:  8/8        EV: 12    Int: 17    God:
Gold:   58         SH:  0    Dex: 16    Spells: 2 memorised, 3 levels left

rFire  . . .     SeeInvis .     e - +0 short sword
rCold  . . .     Clarity  .     f - +0 leather armour
rNeg   . . .     SustAb   +     (no shield)
rPois  .         Gourm    .     (no helmet)
rElec  .         Spirit   .     m - +0 cloak
rCorr  .         Warding  .     (no gloves)
rMut   .         Stasis   .     (no boots)
MR     .....                    (no amulet)
Stlth  ..........               (no ring)
                                g - ring of loudness (curse)

@: drained, not resistant to hostile enchantments, extremely unstealthy
A: sustain abilities
a: no special abilities


You were on level 2 of the Dungeon.
You were not hungry.

You visited 1 branch of the dungeon, and saw 2 of its levels.

You collected 58 gold pieces.

Inventory:

Hand weapons
 e - a +0 short sword (weapon)
Missiles
 b - 42 arrows
 j - 14 sling bullets
 k - 25 bolts
Armour
 f - a +0 leather armour (worn)
 l - a +0 ring mail
 m - a +0 cloak (worn)
Jewellery
 g - a cursed ring of loudness (left hand)
Scrolls
 o - a scroll of immolation {unknown}
 p - a scroll of noise {unknown}
Potions
 h - a potion of cure mutation
 i - a potion of ambrosia
Books
 d - a book of Changes

   Spells                             Type                      Level
   a - Beastly Appendage              Transmutation                1
   b - Sticks to Snakes               Transmutation                2
   c - Spider Form                    Transmutation/Poison         3
   d - Ice Form                       Ice/Transmutation            4
   e - Blade Hands                    Transmutation                5
Comestibles
 a - 2 bread rations


   Skills:
 * Level 1.4(0.9) Fighting
 * Level 3.0(2.5) Dodging
 - Level 2.6(2.2) Unarmed Combat
 * Level 2.2(1.7) Spellcasting
 * Level 2.0(1.6) Transmutations


You had 3 spell levels left.
You knew the following spells:

 Your Spells              Type           Power        Failure   Level  Hunger
a - Beastly Appendage     Trmt           #.....       14%         1    ##.....
b - Sticks to Snakes      Trmt           #.........   21%         2    ###....


Dungeon Overview and Level Annotations

Branches:
Dungeon (2/15)

Annotations:
D:2 Ijyb


Innate Abilities, Weirdness & Mutations

Your attributes are resistant to harm.


Message History

* * * LOW HITPOINT WARNING * * *
You feel drained.
* * * LOW HITPOINT WARNING * * *
Drink which item? (? for menu, Esc to quit)
It was a potion of cancellation.
Your magical effects are unravelling.
You feel magically purged.
You feel less invigorated.
You feel less confused. Ijyb barely misses you.
You aren't carrying any items that can be evoked.
Unknown command.
Casting: Beastly Appendage
Confirm with . or Enter, or press ? or * to list all spells.
Your +0 short sword feels slithery for a moment!
Casting: Sticks to Snakes
Confirm with . or Enter, or press ? or * to list all spells.
Your +0 short sword feels slithery for a moment!
Your horns disappear.
Ijyb zaps a wand.
The puff of frost hits you!
You die...

##...####..<........ ..#
##############..).#######...
.## .†.............#### .#
################ . ## .. .#
####### .##
############......$ ..#
#............######...
#.####.####.....@.gr.......
#...........###########....
....######### #####


You could see Ijyb and a rat.

Vanquished Creatures
  An adder (D:2)
  A worm (D:2)
  4 bats
  4 giant cockroaches
  2 hobgoblins (D:2)
  14 jackals (D:2)
  2 goblins (D:2)
  6 kobolds
  7 rats
41 creatures vanquished.

Notes
Turn   | Place    | Note
--------------------------------------------------------------
     0 | D:1      | Chiseanne, the Demigod Transmuter, began the quest for the Orb.
     0 | D:1      | Reached XP level 1. HP: 15/15 MP: 3/3
   258 | D:1      | Reached skill level 1 in Fighting
   767 | D:1      | Reached XP level 2. HP: 23/23 MP: 3/5
  1270 | D:2      | Learned a level 2 spell: Sticks to Snakes
  1504 | D:2      | Reached XP level 3. HP: 6/28 MP: 6/8
  1951 | D:2      | Reached skill level 3 in Dodging
  2139 | D:2      | Noticed Ijyb
  2152 | D:2      | HP: 1/28 [Ijyb/wand of frost (8)]
  2156 | D:2      | Killed from afar by Ijyb

Action                   || total
-------------------------++-------
Melee: Short sword       ||   176
       Unarmed           ||    12
 Cast: Beastly Appendage ||    12
  Use: Scroll            ||     1
       Potion            ||     4
  Eat: Chunk             ||     4
